 Dungeon Crawl Stone Soup version 0.29-a0-334-gb41bcbb86e (webtiles) character file.

Game seed: 4801178747555297653

46 zishaf the Skirmisher (level 3, 31/31 HPs)
             Began as a Palentonga Abyssal Knight on Apr 15, 2022.
             Was a Priest of Lugonu.
             Quit the game on level 1 of the Dungeon.
             The game lasted 00:02:18 (1026 turns).

zishaf the Skirmisher (Palentonga Abyssal Knight)   Turns: 1026, Time: 00:02:19

Health: 31/31      AC:  4    Str: 18    XL:     3   Next: 44%
Magic:  5/5        EV:  9    Int: 10    God:    Lugonu [***...]
Gold:   15         SH:  0    Dex: 10    Spells: 2/2 levels left

rFire   . . .      SeeInvis +   a - +1 mace
rCold   . . .      Faith    .   (no shield)
rNeg    . . .      Spirit   .   b - +0 leather armour
rPois   .          Reflect  .   (no helmet)
rElec   .          Harm     .   (no cloak)
rCorr   .          Rampage  .   (no gloves)
Will    .....                   (no barding)
Stlth   +.........              (no amulet)
HPRegen 0.10/turn               (no ring)
MPRegen 0.09/turn               (no ring)

@: no status effects
A: large, rugged brown scales 3, see invisible, deformed body, roll 1, armoured
tail
a: Rolling Charge, Renounce Religion, Depart the Abyss, Bend Space, Banish


You were on level 1 of the Dungeon.
You worshipped Lugonu.
Lugonu was most pleased with you.
You visited 1 branch of the dungeon, and saw 1 of its levels.
You visited the Abyss 1 time.

You collected 15 gold pieces.

Inventory:

Hand Weapons
 a - a +1 mace (weapon)
Armour
 b - a +0 leather armour (worn)
 f - a +0 plate armour
Scrolls
 e - a scroll of holy word {unknown}
 h - a scroll of amnesia {unknown}
 i - a scroll of identify {unknown}
Potions
 c - a potion of degeneration {unknown}
 d - a potion of flight {unknown}
 g - 2 potions of invisibility {unknown}


   Skills:
 + Level 3.5 Fighting
 + Level 2.7 Maces & Flails
 - Level 1.5 Armour
 - Level 0.7 Dodging
 + Level 2.9 Invocations


You had 2 spell levels left.
You didn't know any spells.
Your spell library contained the following spells:

 Spells                   Type           Power      Damage    Failure   Level
 Airstrike                Air            0%         N/A       99%         4
 Summon Lightning Spire   Summ/Air       0%         N/A       99%         4
 Lightning Bolt           Conj/Air       0%         1d11      100%        5


Dungeon Overview and Level Annotations

Branches:
Dungeon (1/15)

Altars:


Innate Abilities, Weirdness & Mutations

You are completely covered in rugged brown scales. (AC +3, +7% HP)
You have supernaturally acute eyesight. (SInv)
Armour fits poorly on your strangely shaped body.
You can roll at nearby foes to attack.
You have a long armoured tail.


Message History

No target in view!
You see here a dart slug corpse.
An endoplasm comes into view.
The endoplasm quivers.
An endoplasm is nearby!
You hit the endoplasm.
You kill the endoplasm!
Lugonu accepts your kill.
No target in view!
A hobgoblin comes into view.
The hobgoblin shouts!
You hit the hobgoblin.
The hobgoblin is almost dead.
The hobgoblin barely misses you.
You sock the hobgoblin!
You kill the hobgoblin!
Lugonu accepts your kill.
A ball python comes into view.
The ball python moves out of view.
No target in view!
The ball python hisses angrily.
You see here a hobgoblin corpse.
A ball python is nearby!
You hit the ball python.
The ball python is moderately wounded.
The ball python misses you.
You closely miss the ball python.
The ball python is moderately wounded.
The ball python barely misses you. The ball python completely misses you.
You sock the ball python!
You kill the ball python!
Lugonu accepts your kill.
No target in view!
You see here a hobgoblin corpse.
There is a staircase leading out of the dungeon here.
Things that are here:
a +0 club; 2 atropa-tipped darts Done exploring.
Done exploring.
Are you sure you want to abandon this character and quit the game? (Confirm with "yes".)

#.........).#.....#.####
###..########.###.......
#..........)..........
#.###.####...####.#.##
#.............# #.#.#
#####.####...÷# #.#.#
#.# ##÷#.# #.#.# #.#
#.#)###.#.## #@#
#...)....... #.#
##.........# #.#
#.........# #.#
#.....).... #.#
#.........#
#.######....†....#
#................#
########...#######
#..........


There were no monsters in sight!

Vanquished Creatures
  A dart slug (D:1)
  3 endoplasms (D:1)
  A giant cockroach (D:1)
  7 goblins (D:1)
  3 hobgoblins (D:1)
  4 jackals (D:1)
  2 kobolds (D:1)
  4 quokkas (D:1)
  6 ball pythons (D:1)
  2 bats (D:1)
  3 frilled lizards (D:1)
  3 rats (D:1)
39 creatures vanquished.

Notes
Turn   | Place    | Note
-------+----------+-------------------------------------------
     0 | Abyss:1  | zishaf the Palentonga Abyssal Knight began the quest for
                  | the Orb.
     0 | Abyss:1  | Reached XP level 1. HP: 19/19 MP: 2/2
     9 | D:1      | Escaped the Abyss
   172 | D:1      | Reached XP level 2. HP: 25/25 MP: 3/3
   370 | D:1      | Reached *** piety under Lugonu
   671 | D:1      | Reached XP level 3. HP: 31/31 MP: 3/5
   781 | D:1      | Found a faded altar of an unknown god.
  1026 | D:1      | Quit the game

Illustrated notes

Levels and vault maps discovered:
D:1:      roderic_dead_forest, layout_loops_ring,
          dreamdust_ecumenical_altar_statues

Action                   || total
-------------------------++-------
Melee: Mace              ||    81
       Tailslap          ||    10
       Punch             ||     2
 Abil: Rolling Charge    ||    20
Armor: Leather armour    ||    17
Dodge: Dodged            ||    41

Table legend: (Time is in decaauts)
 A = Elapsed time spent in this place.
 B = Non-inter-level travel time spent in this place.
 C = Inter-level travel time spent in this place.
 D = Time resting spent in this place.
 E = Time spent auto-exploring this place.
 F = Levels seen in this place.
 G = Mean time per level.
                   A        B        C        D        E       F      G
               +--------+--------+--------+--------+--------+-----+--------+
         Total |   1048 |   1048 |      0 |    142 |    698 |   2 |  524.0 |
       Dungeon |   1039 |   1039 |      0 |    142 |    698 |   1 | 1039.0 |
         Abyss |      9 |      9 |      0 |      0 |      0 |   1 |    9.0 |
               +--------+--------+--------+--------+--------+-----+--------+

Top non-repeatable levels by time:
     D:1: 1039 daAuts
 Abyss:1: 9 daAuts
